Cogmind - Beta 16.1 @@@ ROGUE MODE // 2026.03.24 @ 20:19:42 Player: Minty Result: Destroyed by Y-45 Defender with Heavy Assault Rifle Performance ------------- Evolutions (2) 1000 Regions Visited (4) 800 Robots Destroyed (74) 370 Value Destroyed (2069) 2069 Prototype IDs (12) 240 Alien Tech Used (0) 0 Bonus (0) 0 TOTAL SCORE: 4479 Bonus ------- None Cogmind --------- Core Integrity 0/550 Matter 290/300 Energy 9/100 System Corruption 14% Temperature Cool (0) Movement Core (50) Location -8/Storage Parts ------- > --- POWER (1) -------- (None) > --- PROPULSION (4) --- (None) > --- UTILITY (4) ------ Improved Signal Interpreter Transport Network Coupler Hacking Suite > --- WEAPON (2) ------- Spear > --- INVENTORY (5) ---- Advanced Weight Redist. System Minigun Mini Assault Cannon Advanced EMP Blaster Spear Peak State ------------ > --- POWER ------------ Heavy Ion Engine > --- PROPULSION ------- Aerolev Unit Aerolev Unit Aerolev Unit Gravmag System > --- UTILITY ---------- Small Storage Unit Improved Sensor Array Improved Signal Interpreter Hacking Suite > --- WEAPON ----------- Mini Assault Cannon Spear > --- INVENTORY -------- Light Nuclear Core Gravmag System Gravmag System Gravmag System Weight Redist. System Spear Spear [Rating: 40] Favorites ----------- Power Ion Engine Engine Ion Engine Power Core Light Nuclear Core Propulsion Light Treads Treads Light Treads Leg Aluminum Leg Wheel Wheel Hover Unit Aerolev Unit Flight Unit VTOL Module Utility Small Storage Unit Device Weight Redist. System Storage Small Storage Unit Processor Targeting Computer Hackware Hacking Suite Weapon Assault Rifle Energy Gun Improved EM Shotgun Ballistic Gun Assault Rifle Ballistic Cannon Mini Assault Cannon Launcher Advanced EMP Blaster Impact Weapon Maul Piercing Weapon Spear Build | -11 -10 -9 -8 -8 ------- Run | Yrd Mat Mat Mat Sto Slots Evolved 4 | . . 2 2 . Power . | . . . . . Propulsion 2 | . . 1 1 . Utility 2 | . . 1 1 . Weapon . | . . . . . Parts Attached 75 | . 16 25 25 9 Power 8 | . 2 4 1 1 Engine 7 | . 2 4 . 1 Core 1 | . . . 1 . Reactor . | . . . . . Propulsion 35 | . 7 13 11 4 Treads 3 | . 2 1 . . Leg 5 | . 4 1 . . Wheel 3 | . 1 1 1 . Hover 13 | . . . 9 4 Flight 11 | . . 10 1 . Utility 15 | . 3 4 7 1 Device 4 | . . 1 3 . Storage 4 | . 2 . 1 1 Processor 6 | . 1 2 3 . Hackware 1 | . . 1 . . Protection . | . . . . . Artifact . | . . . . . Weapon 17 | . 4 4 6 3 Energy Gun 3 | . . 1 . 2 Energy Cannon . | . . . . . Ballistic Gun 7 | . 4 1 2 . Ballistic Cannon 1 | . . . 1 . Launcher 1 | . . . . 1 Special Weapon . | . . . . . Impact Weapon 2 | . . 2 . . Slashing Weapon . | . . . . . Piercing Weapon 3 | . . . 3 . Special Melee Weapon . | . . . . . Unidentified Prototypes 9 | . . 4 2 3 Corrupted Parts 1 | . . . 1 . System Corruption 14 | . . . 14 . Parts Lost 35 | . 2 13 12 8 Power 5 | . . 2 1 2 Propulsion 21 | . . 8 7 6 Utility 4 | . . 2 2 . Weapon 5 | . 2 1 2 . Highest Loss Streak 10 | . 1 10 10 7 To Critical Strikes 1 | . . 1 . . Average Backups 7 | . 7 7 6 7 Power 1 | . 1 1 . . Propulsion 3 | . 5 3 2 . Utility 1 | . . 1 1 2 Weapon 1 | . . . 2 5 Tool/Special . | . . . . . Unused Backups 7 | . 4 1 . 2 Power 2 | . 2 . . . Propulsion 1 | . . 1 . . Utility 1 | . . . . 1 Weapon 3 | . 2 . . 1 Tool/Special . | . . . . . Average Slot Usage (%) 87 | . 92 83 83 84 Engine 9 | . 14 8 6 1 Core 1 | . . . 2 5 Treads 6 | . 11 7 . . Leg 6 | . 15 . . . Hover 8 | . . . 23 23 Flight 4 | . . 16 3 . Device 2 | . . 4 6 . Storage 11 | . 14 11 9 9 Processor 11 | . 13 10 6 18 Hackware 3 | . . 4 9 9 Energy Gun 1 | . . 4 2 . Ballistic Gun 11 | . 21 5 1 . Impact Weapon 4 | . . 9 8 . Piercing Weapon 2 | . . . 4 17 Peak Build Rating 40 | . 8 21 40 31 Average Rating 15 | . 7 12 27 26 On Entrance 12 | 6 6 8 20 24 Avg Prop Armor Cover (%) 14 | . 14 19 9 . Naked Turns . | . . . . . Heaviest Build 49 | 12 49 18 20 19 Greatest Support 40 | 20 40 40 39 28 Greatest Overweight (x) 1 | . 1 1 1 1 Average Overweight (x) . | . . . . . Largest Inventory Capacity 20 | . 20 8 8 10 Average Capacity 8 | . 8 8 8 9 Most Carried 10 | . 8 8 8 10 Average Carried 7 | . 7 7 6 7 Final Capacity 8 | 8 8 8 8 5 Final Carried 8 | 6 8 7 5 5 Class Distribution -------------------- 74% | Mutant 20% | Scavenger-Mutant 4% | Sprinter Dominant Class ---------------- Mutant | -10/Materials Mutant | -9/Materials Mutant | -8/Materials Scavenger-Mutant | -8/Storage Resources | -11 -10 -9 -8 -8 ----------- Run | Yrd Mat Mat Mat Sto Matter Collected 1446 | 200 390 402 312 142 Remotely . | . . . . . Salvage Created 2924 | . 687 782 875 580 Parts 123 | . 43 22 19 39 Haulers Intercepted 11 | . 2 4 2 3 Recyclers Shooed 1 | . 1 . . . Parts Field Recycled . | . . . . . Retrieved Matter . | . . . . . Parts Self-Destructed . | . . . . . Prevented . | . . . . . Parts Restored . | . . . . . Kills | -11 -10 -9 -8 -8 ------- Run | Yrd Mat Mat Mat Sto Combat Hostiles Destroyed 53 | . 16 11 16 10 Melee 20 | . . 3 10 7 Guns 20 | . 16 4 . . AOE 3 | . . . . 3 Classes Destroyed 11 | . 4 6 1 . Worker 1 | . . 1 . . Builder 1 | . . 1 . . Tunneler 1 | . . 1 . . Hauler 11 | . 2 4 2 3 Recycler 2 | . . 1 1 . Operator 3 | . 1 1 . 1 Watcher 2 | . . . 1 1 Swarmer 9 | . 2 1 3 3 Grunt 37 | . 14 8 12 3 Brawler 1 | . . 1 . . Sentry 6 | . . 1 1 4 Best Kill Streak 10 | . 6 4 10 8 Combat Bots Only 9 | . 5 4 9 4 Max Kills in Single Turn 3 | . 1 1 1 3 Gunslinging . | . . . . . Exploded 3 | . . . . 3 Melee 1 | . . 1 1 1 Uniques/NPCs Destroyed . | . . . . . Combat | -11 -10 -9 -8 -8 -------- Run | Yrd Mat Mat Mat Sto Hostile Shots Fired 508 | . 99 221 105 83 Missed 162 | . 38 67 27 30 Hits 346 | . 61 154 78 53 Melee 2 | . . 2 . . Projectile 344 | . 61 152 78 53 Critical Strikes 5 | . 1 2 . 2 Damage Taken 4080 | . 685 1529 1139 727 Core 1034 | . 170 311 291 262 Absorbed by Shields . | . . . . . Core Remaining (%) 51 | 100 32 22 . . Volleys Fired 94 | . 64 29 . 1 Largest 2 | . 2 2 . 1 Hottest 45 | . 40 45 . 36 Shots Fired 163 | . 113 48 1 1 Gun 162 | . 113 48 1 . Cannon . | . . . . . Launcher 1 | . . . . 1 Special . | . . . . . Kinetic 153 | . 113 39 1 . Thermal . | . . . . . Explosive . | . . . . . Electromagnetic 10 | . . 9 . 1 Robot Hit Streak 15 | . 12 15 . 1 Robot Miss Streak 5 | . 5 2 1 . Penetration Max . | . . . . . Secondary Targets 4 | . 3 1 . . Max Gunslinging Chain 1 | . 1 1 . . Shots Hit Robots 199 | . 71 64 39 25 Core Hits 79 | . 36 18 9 16 Critical Kills . | . . . . . Critical Parts Destroyed 8 | . . 3 5 . Critical Strikes 11 | . . 4 6 1 Destroy 1 | . . 1 . . Smash 8 | . . 3 5 . Impale 2 | . . . 1 1 Melee Attacks 144 | . . 38 60 46 Impact 82 | . . 38 44 . Slashing . | . . . . . Piercing 62 | . . . 16 46 Sneak Attacks 14 | . . 7 4 3 Combat Hostiles . | . . . . . Follow-up Attacks 10 | . . 2 3 5 Damage Inflicted 5556 | . 876 1780 1685 1215 Guns 1416 | . 859 557 . . Cannons . | . . . . . Explosions 427 | . . . . 427 Melee 3696 | . . 1223 1685 788 Ramming 17 | . 17 . . . Kinetic 1265 | . 859 406 . . Thermal 298 | . . . . 298 Explosive . | . . . . . Electromagnetic 280 | . . 151 . 129 Impact 2527 | . . 1223 1304 . Slashing . | . . . . . Piercing 1169 | . . . 381 788 Highest Corruption 14 | . . . 14 14 Average Corruption 14 | . . . 14 14 Corruption Purged . | . . . . . Corruption Blocked . | . . . . . Effects 28 | . . . 18 10 Message Errors 9 | . . . 5 4 Matter Fused 5 | . . . 3 2 Energy Discharges 4 | . . . 3 1 Parts Rejected 1 | . . . 1 . Parts Fused 1 | . . . 1 . Data Loss (minor) 1 | . . . 1 . Data Loss (major) 1 | . . . 1 . Misfires 1 | . . . 1 . Alerts 2 | . . . 1 1 Misdirections 3 | . . . 1 2 Overload Shots . | . . . . . Overflow Damage 999 | . . 469 516 14 Projectiles . | . . . . . Explosions . | . . . . . Melee 999 | . . 469 516 14 Knockbacks 10 | . . 4 6 . Impact 9 | . . 4 5 . Kinetic . | . . . . . Secondary 1 | . . . 1 . Self-Inflicted Damage 40 | . . . . 40 Shots 2 | . . . . 2 Rammed 2 | . 2 . . . Targets Rammed 4 | . 4 . . . Kicked 2 | . 2 . . . Crushed . | . . . . . Highest Temperature 54 | . 33 54 5 24 Average Temperature 15 | . 12 19 4 13 Received Heat Transfer 1683 | . 366 480 567 270 Siege Activations . | . . . . . Martial Activations . | . . . . . Shielding Activations . | . . . . . Robots Disrupted . | . . . . . Combat Hostiles . | . . . . . Robots Corrupted 16 | . . 9 7 . Combat Hostiles 10 | . . 4 6 . Parts Fried 19 | . . 15 4 . Impact Corruptions 34 | . . 17 17 . Robots Melted . | . . . . . Combat Hostiles . | . . . . . Parts Melted . | . . . . . Heat Transferred 450 | . . . . 450 Parts Sabotaged . | . . . . . Parts Stolen . | . . . . . Parts Stripped . | . . . . . Power Chain Reactions 3 | . . . . 3 Alert | -11 -10 -9 -8 -8 ------- Run | Yrd Mat Mat Mat Sto Maximum Alert Level 1 | . 1 . 1 1 Low Security (%) 86 | . 83 100 83 74 Level 1 13 | . 16 . 16 25 Level 2 . | . . . . . Level 3 . | . . . . . Level 4 . | . . . . . Level 5 . | . . . . . High Security . | . . . . . Max Security . | . . . . . Peak Influence 305 | . 247 131 223 305 Initial 88 | . . 88 44 78 Average 122 | . 130 86 131 145 Influence Increases 1771 | . 562 346 476 387 Destroy 0b10 Robot/C 1060 | . 320 220 320 200 Destroy 0b10 Robot/NC 105 | . 15 45 20 25 Destroy Leader 246 | . 74 48 66 58 Successful Hack 60 | . 33 17 6 4 Select Force Hacks 90 | . 60 . 30 . Disable Machine 45 | . . . 15 30 Destroy Structure 15 | . . 1 4 10 Partial Spotted 15 | . . . . 15 Lose Combat Pursuer 135 | . 60 15 15 45 Influence Decreases 1476 | . 352 450 396 278 Entered New Map 292 | . . 122 62 108 Time Decay 834 | . 332 198 214 90 Lost Part 350 | . 20 130 120 80 Squads Dispatched 11 | . 6 2 2 1 Investigation 8 | . 5 2 1 . Extermination . | . . . . . Reinforcement 3 | . 1 . 1 1 Assault . | . . . . . Garrison . | . . . . . Intercept . | . . . . . Searches Triggered . | . . . . . Construction Impeded 1 | . . . 1 . Haulers Reinforced . | . . . . . Active Scanning Responses . | . . . . . Cargo Convoy Interrupts . | . . . . . Stealth | -11 -10 -9 -8 -8 --------- Run | Yrd Mat Mat Mat Sto Distress Signals 8 | . 3 3 1 1 Communications Jammed . | . . . . . Distress Signals . | . . . . . Times Spotted 93 | . 31 24 20 18 Peak Tracking Total 10 | . 7 9 7 10 Tactical Retreats 6 | . 3 1 1 1 Traps | -11 -10 -9 -8 -8 ------- Run | Yrd Mat Mat Mat Sto Traps Triggered 6 | . 5 1 . . Indirectly . | . . . . . Trap Hack Attempts . | . . . . . Triggered . | . . . . . Disarmed . | . . . . . Reprogrammed . | . . . . . Reused . | . . . . . Traps Extracted . | . . . . . Installed . | . . . . . Triggered . | . . . . . Machines | -11 -10 -9 -8 -8 ---------- Run | Yrd Mat Mat Mat Sto Machines Disabled 3 | . . . 1 2 Max in Single Turn 1 | . . . 1 1 Garrison Access 1 | . . . 1 . Machines Repaired . | . . . . . Machines Dismantled . | . . . . . Machines Sabotaged . | . . . . . Overloaded Fab Kills . | . . . . . Hacking | -11 -10 -9 -8 -8 --------- Run | Yrd Mat Mat Mat Sto Machines Accessed 20 | . 7 6 5 2 Terminals 13 | . 5 4 2 2 Fabricators . | . . . . . Repair Stations 1 | . . 1 . . Recycling Units 3 | . 2 . 1 . Scanalyzers 2 | . . 1 1 . Garrison Access 1 | . . . 1 . Total Hacks 68 | . 28 14 20 6 Successful 42 | . 18 7 14 3 Failed 26 | . 10 7 6 3 Catastrophic 4 | . 2 1 1 . Database Lockouts . | . . . . . Manual 26 | . 13 3 6 4 Terminals 43 | . 21 10 6 6 Fabricators . | . . . . . Repair Stations 3 | . . 3 . . Recycling Units 10 | . 7 . 3 . Scanalyzers 10 | . . 1 9 . Garrison Access 2 | . . . 2 . Terminal Hacks 17 | . 8 5 2 2 Robot Analysis 1 | . . . 1 . Prototype ID Bank 1 | . 1 . . . Emergency Access Points 1 | . 1 . . . Terminal Index 1 | . . 1 . . Alert Level 1 | . . . . 1 Locate Traps 1 | . . . . 1 Dispatch Records 1 | . 1 . . . Maintenance Status 1 | . 1 . . . Security Status 1 | . . 1 . . Patrol Status 1 | . 1 . . . Hauler Manifests 1 | . . 1 . . Registered Components 2 | . 1 1 . . Zone Layout 4 | . 2 1 1 . Fabricator Hacks . | . . . . . Repair Station Hacks 1 | . . 1 . . Scan Component 1 | . . 1 . . Recycling Unit Hacks 5 | . 4 . 1 . Process 1 | . 1 . . . Report Inventory 2 | . 1 . 1 . Retrieve Matter 1 | . 1 . . . Retrieve Components 1 | . 1 . . . Scanalyzer 10 | . . 1 9 . Insert Component 3 | . . . 3 . Analyze 3 | . . . 3 . Retrieve Study 4 | . . 1 3 . Garrison Access Hacks 1 | . . . 1 . Seal Access 1 | . . . 1 . Unauthorized Hacks 7 | . 5 . 1 1 Terminals 4 | . 3 . . 1 Botnet 3 | . 2 . . 1 Operators 1 | . 1 . . . Fabricators . | . . . . . Repair Stations . | . . . . . Recycling Units 3 | . 2 . 1 . Tunnel 3 | . 2 . 1 . Scanalyzers . | . . . . . Garrison Access . | . . . . . Data Cores Recovered 1 | . . 1 . . Used . | . . . . . Hacking Detections 19 | . 7 5 5 2 Full Trace Events 4 | . 2 2 . . Feedback Events . | . . . . . Feedback Blocked . | . . . . . Robot Schematics Acquired . | . . . . . Robots Built . | . . . . . Authchips . | . . . . . Time . | . . . . . Total Robot Build Rating . | . . . . . Part Schematics Acquired 3 | . . . 3 . Parts Built . | . . . . . Authchips . | . . . . . Time . | . . . . . Total Part Build Rating . | . . . . . Part Studies Acquired 3 | . . 1 2 . Parts Repaired . | . . . . . Time . | . . . . . Parts Recycled . | . . . . . Recycled Matter 163 | . 163 . . . Retrieved Matter 163 | . 163 . . . Retrieved Components . | . . . . . Parts Scanalyzed 3 | . . . 3 . Part Schematics Acquired 3 | . . . 3 . Parts Damaged . | . . . . . Bothacking | -11 -10 -9 -8 -8 ------------ Run | Yrd Mat Mat Mat Sto Used RIF Installer . | . . . . . Robots Hacked . | . . . . . Non-combat . | . . . . . Combat . | . . . . . Robot Hacks Applied . | . . . . . Relay Couplers Released 2 | . . . 2 . Machine Destruction 2 | . . . 2 . Fabnet Peak Effective % . | . . . . . Robots Rewired . | . . . . . Allies Hacked . | . . . . . Hacks Repelled . | . . . . . Allies | -11 -10 -9 -8 -8 -------- Run | Yrd Mat Mat Mat Sto Total Allies . | . . . . . Largest Group . | . . . . . Highest-Rated Group . | . . . . . Highest-Rated Ally . | . . . . . Total Orders . | . . . . . Ally Attacks . | . . . . . Total Damage . | . . . . . Kills . | . . . . . Allies Corrupted . | . . . . . Allies Melted . | . . . . . Intel | -11 -10 -9 -8 -8 ------- Run | Yrd Mat Mat Mat Sto Active Infowar (turns) 495 | . . 118 181 196 Sensors 97 | . . . 97 . T.N.C. 398 | . . 118 84 196 Robot Analysis Total 1 | . . . 1 . Derelict Logs Recovered . | . . . . . Drone Launches . | . . . . . Drone Recoveries . | . . . . . Exploration | -11 -10 -9 -8 -8 ------------- Run | Yrd Mat Mat Mat Sto Turns Passed 1861 | . 820 401 444 196 Spaces Moved 1240 | 1 464 264 395 116 Core 4 | . . . 2 2 Treads 200 | . 165 35 . . Legs 264 | 1 261 2 . . Wheels 70 | . 38 7 25 . Hover 414 | . . . 300 114 Flight 288 | . . 220 68 . Fastest Speed 26 | 120 80 29 26 45 Average Speed 81 | 120 131 52 50 53 Slowest Speed 240 | 120 240 160 120 110 Overloaded Moves . | . . . . . Propulsion Burnouts . | . . . . . Robots Hopped . | . . . . . Potential Cave-ins . | . . . . . Cave-ins Triggered . | . . . . . Exploration Rate (%) 33 | 1 76 27 28 37 Regions Visited 4 Branch Regions 1 Pre-discovered Areas 3 | . 2 . 1 . Known Exits Taken 1 | . . . 1 . Unknown Exits Taken 3 | 1 1 1 . . Scrap Searched . | . . . . . Spaces Dug 5 | . . 1 4 . Terrain Destroyed 13 | . . 1 4 8 Melee 5 | . . 1 4 . Projectile . | . . . . . AOE 8 | . . . . 8 Terrain Rammed . | . . . . . Walls Destroyed . | . . . . . Machines Disabled . | . . . . . Actions | -11 -10 -9 -8 -8 --------- Run | Yrd Mat Mat Mat Sto Total 1688 | . 566 402 530 190 Wait 56 | . 3 17 27 9 Move 1236 | . 463 263 394 116 Hop . | . . . . . Pick Up 29 | . 5 11 7 6 Fast Attach 32 | . 6 9 14 3 Attach 27 | . 2 13 9 3 Detach 15 | . 2 6 5 2 Swap 39 | . 9 11 9 10 Drop 29 | . 8 7 10 4 Fire 94 | . 64 29 . 1 Melee 127 | . . 36 55 36 Ram . | . . . . . Kick 2 | . 2 . . . Crush 2 | . 2 . . . Escape Stasis . | . . . . . Rewire . | . . . . . Trap . | . . . . . Miscellaneous . | . . . . . Route ------- -11/Scrapyard -10/Materials (discovered 2 exits: *Mat / [*Min]) -9/Materials (discovered 2 exits: *Mat / [*Min]) -8/Materials (discovered 2 exits: [*Fac] / *Sto) -8/Storage History --------- Turn | Location | Event 1 | -11/Scrapyard | Discovered new exit (range 0) 1 | -11/Scrapyard | Entered Materials 76 | -10/Materials | Discovered new exit (range 8) 316 | -10/Materials | Build established: Mutant 419 | -10/Materials | Core integrity fell below 50% 460 | -10/Materials | Discovered new exit (range 10) 821 | -10/Materials | Entered another Materials area 821 | -9/Materials | Evolved 2 slots: Propulsion x1, Utility x1 968 | -9/Materials | Core integrity fell below 50% 1011 | -9/Materials | Lost 10 parts (1p6n2u1w) 1033 | -9/Materials | Discovered new exit (range 11) 1194 | -9/Materials | Discovered new exit (range 3) 1222 | -9/Materials | Entered another Materials area 1222 | -8/Materials | Evolved 2 slots: Propulsion x1, Utility x1 1300 | -8/Materials | System corruption reached 10% 1539 | -8/Materials | Core integrity fell below 50% 1557 | -8/Materials | Lost 10 parts (1p7n1u1w) 1561 | -8/Materials | Destroyed 9 combat bots 1571 | -8/Materials | Discovered new exit (range 16) 1663 | -8/Materials | Discovered new exit (range 9) 1664 | -8/Materials | Identified exit to Storage 1666 | -8/Materials | Entered Storage 1821 | -8/Storage | Core integrity fell below 20% 1862 | -8/Storage | Destroyed by Y-45 Defender with Heavy Assault Rifle Last Messages --------------- 01820_ K-01 Serf collects debris. 01823_ Imp. Hover Unit destroyed. 01823_ K-01 Serf collects debris. 01831_ Y-45 Defender destroyed. 01832_ K-01 Serf collects debris. 01835_ Lgt. Nuclear Core+ destroyed. 01835_ Acquired 22 matter. 01835_ K-01 Serf collects debris. 01836_ System corrupted: IFF burst signal emitted. 01836_ Y-45 Defender destroyed. 01838_ K-01 Serf collects debris. 01857_ OUB>/XEJCQ&7HRX1WXGQ 01858_ Critical hit (Burn: +37). 01859_ K-01 Serf collects debris. 01860_ Aerolev Unit destroyed. 01860_ Dropped Med. Storage Unit. Map ----- +----------------------------------------------------+ | #??????# #???#?????????????????????????????? | | " #??????# #?????????????????????????????????? | | ["""" #??????# #?????????????????????????????????? | | "=" #???#### ##????????????????????????????????? | | " " #???# #####################????????????? | | """ " ##### !=* #????????????? | | "" / T ![[[= #????????????? | | ##### ![ [[ #????????????? | | #######???# %!############# #######????????????? | | ??????????##=[[##???????????# #??????????????????? | | ???????????# = #????????????# #??????????????????? | | ???????????# #????????????# #??????????????????? | | ???????????+ #????????????# #??????????????????? | | ???????????# ????????????# #############+####?? | | ???????????# ???? """" # a ? | | ???????????# ?# + [[[ ? | | ???????????# ?# # [%[ a ? | | ???????????# ## ]?# Y###########+##???? | | ???????????# ## ??# #????????????????? | | ???????????# ########### #????????????????? | | ???????????# # = # #????????????????? | | ??????????? ## #? [!=!= #????????????????? | | ???????????? ?? ??"" [!!!g #????????????????? | | ???????????? ?????"][[[=%[% #????????????????? | | ????????????????????"[[[]%[= #????????????????? | | ??????????????????# """"[@Y #????????????????? | | ??????????????????# =! ! ;k #????????????????? | | ??????????????????# [*%=! #????????????????? | | ??????????????????#####+#;; # #????????????????? | | ???????????????????????? % #????????????????? | | ??????????????????????? #????????????????? | | ?????????????????a????# ???????????????? | | ??????????????????????# """ ??????????????? | | ??????????????????????T """ #?????????????? | | ?????????????????????## """ #?????????????? | | ??????????????????????# ? ??????????????? | | ??????????????????????# ?? ??????????????? | | ?????????????????????? ##????###+??????????????? | | ?????????????????????? ????????????????????????? | | ?????????????????????# ????????????????????????? | | ???????????????????????##????????????????????????? | | ?????????????????????????????????????????????????? | | ?????????????????????????????????????????????????? | | ?????????????????????????????????????????????????? | | ?????????????????????????????????????????????????? | | ?????????????????????????????????????????????????? | | ?????????????????????????????????????????????????? | | ?????????????????????????????????????????????????? | | ?????????????????????????????????????????????????? | | | +----------------------------------------------------+ Best States ------------- Heat Dissipation 31 Energy Generation 15 Energy Capacity 280 Matter Stores 300 Matter Capacity 300 Sight Range 16 Robot Scan Range 15 Terrain Scan Density 10 Additional Mass Support 6 Evasion (%) 72 Targeting Accuracy 10 Recoil Reduction 2 Offensive Hacking 10 Item Schematics ----------------- Spear | -8/Materials | Scanalyzed Lgt. Nuclear Core | -8/Materials | Scanalyzed Gravmag System | -8/Materials | Scanalyzed Robot Schematics ------------------ None Fabricated ------------ Nothing Repaired ---------- Nothing Studied --------- Flight Unit | -9/Materials | Hacked Lgt. Nuclear Core | -8/Materials | Hacked Maul | -8/Materials | Hacked Alien Tech Used ----------------- None Achievements -------------- None Challenges ------------ None Game ------ Seed CloakArmageddonNanovents Manual? 0 Play Time 00:19:05 Cumulative 1282.7 hours Start 2026.03.24 @ 20:01:12 End 2026.03.24 @ 20:19:42 Sessions 1 Manual Loads 0 Difficulty Rogue Special Mode None Game No. 1576 Rogue 1292 Adventurer 124 Explorer 160 Win Type - Total 63 Types 49/0/8/4/1/0/0/1/0/0 Lore% 93 Gallery% 83 Achievement% 70 Wizard Run 0 Options --------- Layout 0 ASCII 0 Keyboard 1 Movement Numpad Keybinds 0 Fullscreen 2 Font 18/X11 Map View 76x50 Zoom Use 0% Tactical HUD 1 Map Filters NONE Filters NONE Steam 1 RUN: 68c8187e-be63-4316-b4a6-32f752e8ac67